 Dungeon Crawl Stone Soup version 0.23.0 (webtiles) character file.

Game seed: 11453351106082400291

555 Infinimo the Cudgeler (level 7, 0/55 HPs)
             Began as a Demonspawn Berserker on Feb 9, 2019.
             Was a Believer of Trog.
             Succumbed to Duvessa's poison
             ... while paralysed
             ... on level 4 of the Dungeon.
             The game lasted 00:05:17 (3983 turns).

Infinimo the Cudgeler (Demonspawn Berserker)        Turns: 3983, Time: 00:05:18

Health: 0/55       AC:  3    Str: 19    XL:     7   Next: 8%
Magic:  7/7        EV:  2    Int:  8    God:    Trog [**....]
Gold:   158        SH:  0    Dex: 19    Spells: 6/6 levels left

rFire    . . .     SeeInvis .   a - +1 mace
rCold    . . .     Gourm    .   (no shield)
rNeg     . . .     Faith    .   b - +1 animal skin
rPois    .         Spirit   .   (no helmet)
rElec    .         Reflect  .   (no cloak)
rCorr    .         Harm     .   (no gloves)
MR       .....                  (no boots)
Stlth    +++.......             h - amulet of magic regeneration
HPRegen  0.18/turn              (no ring)
MPRegen  0.35/turn              (no ring)

@: paralysed, lethally poisoned (0 -> -38), berserk cooldown, slowed
A: claws 1, thin skeletal structure 3
a: Berserk, Trog's Hand, Renounce Religion


You were on level 4 of the Dungeon.
You worshipped Trog.
Trog was pleased with you.
You were hungry.

You visited 1 branch of the dungeon, and saw 4 of its levels.

You collected 158 gold pieces.

Inventory:

Hand Weapons
 a - a +1 mace (weapon)
Armour
 b - a +1 animal skin (worn)
Jewellery
 h - an amulet of magic regeneration (around neck)
Scrolls
 i - a scroll of teleportation
 l - a scroll of identify
Potions
 d - a potion of curing {unknown}
 e - a potion of heal wounds
 f - a potion of lignification
 g - a potion of haste
 j - 2 potions of degeneration {unknown}
Comestibles
 c - 3 rations


   Skills:
 + Level 4.7 Fighting
 * Level 5.5 Maces & Flails
 + Level 3.8 Armour
 - Level 1.7 Dodging


You had 6 spell levels left.
You didn't know any spells.
Your spell library was empty.

Dungeon Overview and Level Annotations

Branches:
Dungeon (4/15)
 Temple: D:4-7

Altars:
Zin


Innate Abilities, Weirdness & Mutations

You have sharp fingernails.
You have an unnaturally thin skeletal structure. (Dex +6, Stealth++)


Message History

You feel sick.
Duvessa hits you with a +2 rapier of venom.
* * * LOW HITPOINT WARNING * * *
You are more poisoned.
You hit Duvessa but do no damage.
Duvessa is almost dead.
* * * LOW HITPOINT WARNING * * *
You feel sick.
Duvessa hits you with a +2 rapier of venom.
* * * LOW HITPOINT WARNING * * *
You are more poisoned.
You are too berserk!
You sock Duvessa!
You kill Duvessa!
Trog accepts your kill.
You have reached level 7!
You are no longer berserk.
You pass out from exhaustion.
You feel yourself slow down.
You die...

.....# l. ..#
.....# #.##.#
.##.## #....#
###..# #.# #
##)## #.# # #..##
#.## ##..### #..#
##...# ##)# ###.#
#@# #.## #(##
#..## #..# ##..##
##.##
##..#####).### #
##..##......# #
##.........# #
#..........# ##
######.##..######


There were no monsters in sight!

Vanquished Creatures
  Duvessa (D:4)
  2 ogres (D:4)
  Dowan (D:4)
  Jessica (D:2)
  Natasha (twice) (D:2)
  An orc wizard (D:4)
  2 worker ants (D:4)
  2 adders
  An ooze (D:1)
  An adder skeleton (D:4)
  A dart slug (D:3)
  2 leopard geckos
  3 orcs (D:4)
  4 bats
  2 giant cockroaches
  5 goblins
  2 hobgoblins (D:1)
  15 jackals
  A quokka (D:2)
  2 ball pythons (D:1)
  A frilled lizard (D:2)
  4 kobolds
  A quokka skeleton (D:4)
  7 rats
64 creatures vanquished.

Vanquished Creatures (others)
  5 toadstools (D:1)
5 creatures vanquished.

Grand Total: 69 creatures vanquished

Notes
Turn   | Place    | Note
-------+----------+-------------------------------------------
     0 | D:1      | Infinimo the Demonspawn Berserker began the quest for the
                  | Orb.
     0 | D:1      | Reached XP level 1. HP: 18/18 MP: 1/1
   401 | D:1      | Reached skill level 3 in Maces & Flails
   401 | D:1      | Gained mutation: You have sharp fingernails. [demonic
                  | ancestry]
   401 | D:1      | Reached XP level 2. HP: 24/24 MP: 2/2
   970 | D:2      | Gained mutation: You have a somewhat thin skeletal
                  | structure. (Dex +2, Stealth) [demonic ancestry]
   970 | D:2      | Reached XP level 3. HP: 18/29 MP: 3/3
  1299 | D:2      | Noticed Jessica
  1312 | D:2      | Killed Jessica
  1562 | D:2      | Reached XP level 4. HP: 33/35 MP: 4/4
  1569 | D:2      | Noticed Natasha
  1586 | D:2      | Killed Natasha
  1929 | D:2      | Noticed Natasha
  1942 | D:2      | Killed Natasha
  1942 | D:2      | Reached skill level 4 in Maces & Flails
  2830 | D:4      | Noticed an ogre
  2844 | D:3      | Gained mutation: You have a moderately thin skeletal
                  | structure. (Dex +4, Stealth+) [demonic ancestry]
  2844 | D:3      | Reached XP level 5. HP: 33/42 MP: 5/5
  2902 | D:4      | HP: 3/63 [poisoned by a worker ant]
  2903 | D:4      | Killed an ogre
  2903 | D:4      | Reached ** piety under Trog
  3185 | D:4      | Gained mutation: You have an unnaturally thin skeletal
                  | structure. (Dex +6, Stealth++) [demonic ancestry]
  3185 | D:4      | Reached XP level 6. HP: 48/48 MP: 6/6
  3345 | D:4      | Reached skill level 5 in Maces & Flails
  3512 | D:4      | Found a glowing silver altar of Zin.
  3512 | D:4      | Noticed Duvessa
  3512 | D:4      | Noticed Dowan
  3514 | D:4      | Noticed an angel
  3536 | D:4      | Killed Dowan
  3982 | D:4      | HP: 3/73 [poisoned by Duvessa]
  3983 | D:4      | Killed Duvessa
  3983 | D:4      | Reached XP level 7. HP: 2/55 MP: 7/7
  3983 | D:4      | Succumbed to Duvessa's poison

Skill      XL: |  1  2  3  4  5  6 |
---------------+-------------------+-----
Maces & Flails | 3 4 5 |  5.5
Armour         | 2 3 |  3.8
Fighting       | 4 |  4.7
Dodging        | |  1.7

Action                   |  1- 3 |  4- 6 |  7- 9 || total
-------------------------+-------+-------+-------++-------
Melee: Mace              |    70 |   124 |       ||   194
Invok: Berserk           |     1 |     9 |       ||    10
  Use: Scroll            |     2 |     7 |       ||     9
       Potion            |       |     1 |       ||     1
 Stab: Sleeping          |     1 |     1 |       ||     2
  Eat: Chunk             |     2 |    10 |       ||    12
       Ration            |       |     2 |       ||     2
Armor: Animal skin       |    15 |    24 |       ||    39
Dodge: Dodged            |    44 |   104 |       ||   148
